 Dungeon Crawl Stone Soup version 0.17-a0-1910-g4c791fa (webtiles) character file.

35 derrpe the Vexing (level 3, 0/26 HPs)
             Began as a Formicid Arcane Marksman on Sept 25, 2015.
             Slain by an adder (2 damage)
             ... on level 2 of the Dungeon.
             The game lasted 00:02:30 (1611 turns).

derrpe the Vexing (Formicid Arcane Marksman)        Turns: 1611, Time: 00:02:30

Health: 0/26       AC:  2    Str: 15    XL:     3   Next: 52%
Magic:  4/4        EV: 12    Int: 13    God:
Gold:   41         SH:  0    Dex: 10    Spells: 1 memorised, 3 levels left

rFire  . . .     SeeInvis +     a - +0 hand crossbow
rCold  . . .     Clarity  .     c - +0 robe
rNeg   . . .     SustAt   .     (no shield)
rPois  .         Gourm    .     (helmet unavailable)
rElec  .         Spirit   .     (no cloak)
rCorr  .         Warding  .     (no gloves)
rMut   .         Stasis   +     (no boots)
MR     .....                    (no amulet)
Stlth  +.........               (no ring)
                                (no ring)

@: lethally poisoned (0 -> -10), not resistant to hostile enchantments, very
unstealthy
A: permanent stasis, dig shafts and tunnels, four strong arms, antennae 3
a: Dig, Shaft Self


You were on level 2 of the Dungeon.
You were not hungry.

You visited 1 branch of the dungeon, and saw 2 of its levels.

You collected 41 gold pieces.

Inventory:

Hand weapons
 a - a +0 hand crossbow (weapon)
 b - a +0 hand axe
Missiles
 g - 9 bolts (quivered)
Armour
 c - a +0 robe (worn)
Scrolls
 k - a scroll of identify {unknown}
Potions
 f - a potion of cure mutation {unknown}
 h - a potion of heal wounds {unknown}
 i - a potion of curing {unknown}
 j - 2 potions of haste {unknown}
 l - a potion of invisibility {unknown}
Books
 d - a book of Debilitation

   Spells                             Type                      Level
   a - Corona                         Hexes                        1
   b - Slow                           Hexes                        2
   c - Gell's Gravitas                Hexes/Translocation          3
   d - Inner Flame                    Hexes/Fire                   3
   e - Cause Fear                     Hexes                        4
   f - Leda's Liquefaction            Hexes/Earth                  4
Comestibles
 e - 3 bread rations {@e1}


   Skills:
 - Level 1.1 Fighting
 * Level 3.0 Crossbows
 - Level 1.7 Dodging
 - Level 1.1 Spellcasting
 + Level 4.4 Hexes


You had 3 spell levels left.
You knew the following spells:

 Your Spells              Type           Power        Failure   Level  Hunger
a - Corona                Hex            ##.....      6%          1    ##.....


Dungeon Overview and Level Annotations

Branches:
Dungeon (2/15)

Altars:


Innate Abilities, Weirdness & Mutations

You are under a permanent stasis effect.
You can dig through walls and to a lower floor.
Your four strong arms can wield two-handed weapons with a shield.
You have a pair of large antennae on your head (SInv).


Message History

Firing (i - inventory):
g - 12 bolts (quivered)
Press: ? - help, Shift-Dir - straight line, f/p - adder
Aim: an adder (severely wounded)
You shoot a bolt. The bolt closely misses the adder.
You feel sick. The adder closely misses you.
Firing (i - inventory):
g - 11 bolts (quivered)
Press: ? - help, Shift-Dir - straight line, f/p - adder
Aim: an adder (severely wounded)
You shoot a bolt. The bolt barely misses the adder.
The adder bites you.
* * * LOW HITPOINT WARNING * * *
You are lethally poisoned!
The adder poisons you! The adder bites you.
* * * LOW HITPOINT WARNING * * *
Firing (i - inventory):
g - 10 bolts (quivered)
Press: ? - help, Shift-Dir - straight line, f/p - adder
Aim: an adder (severely wounded)
You shoot a bolt. The bolt completely misses the adder.
* * * LOW HITPOINT WARNING * * *
You feel sick. The adder closely misses you. The adder bites you.
You die...

#######
#.....##
#....<.
#....S#
#....@##
#......##
#.......#####
#######.....#
#####.# #.###
#...###
###...# ###.#
.


You could see an adder.

Vanquished Creatures
  An adder (D:1)
  A giant gecko (D:2)
  2 ball pythons (D:1)
  2 goblins (D:1)
  5 hobgoblins (D:1)
  4 kobolds
  4 bats
  2 giant cockroaches (D:1)
  2 giant newts (D:1)
  3 rats
26 creatures vanquished.

Notes
Turn   | Place    | Note
--------------------------------------------------------------
     0 | D:1      | derrpe the Formicid Arcane Marksman began the quest for the Orb.
     0 | D:1      | Reached XP level 1. HP: 15/15 MP: 2/2
   236 | D:1      | Reached XP level 2. HP: 19/21 MP: 3/3
   393 | D:1      | Reached skill level 4 in Hexes
  1075 | D:1      | Reached XP level 3. HP: 11/26 MP: 4/4
  1611 | D:2      | Slain by an adder

Vault maps used:
D:1:      grunt_arrival_crossed_arrows, serial_bayou_pond_e
D:2:      minitemple, lemuel_doored_altar

Action                   || total
-------------------------++-------
Melee: Unarmed           ||     4
       Hand axe          ||    62
 Fire: Hand crossbow     ||    31
  Eat: Chunk             ||     2
